 Dungeon Crawl Stone Soup version 0.29.1 (console) character file.

Game seed: 17686855068840661319

5 om the Magician (level 1, -1/15 HPs)
             Began as a Djinni Hedge Wizard on Sept 15, 2022.
             Slain by a jackal (2 damage)
             ... on level 1 of the Dungeon.
             The game lasted 00:00:38 (214 turns).

om the Magician (Djinni Hedge Wizard)                Turns: 214, Time: 00:00:39

Health: -1/15      AC:  2    Str:  9    XL:     1   Next: 88%
Gold:   4          EV: 13    Int: 15    God:
                   SH:  0    Dex: 18

rFire   + + .      SeeInvis .   a - +0 dagger
rCold   x . .      Faith    .   (no shield)
rNeg    . . .      Spirit   .   b - +0 robe
rPois   ∞          Reflect  .   c - +0 hat
rElec   .          Harm     .   (no cloak)
rCorr   .          Rampage  .   (no gloves)
Will    .....                   (boots unavailable)
Stlth   ++........              (no amulet)
HPRegen 0.05/turn               d - +6 ring of dexterity
MPRegen 0.00/turn               (no ring)

@: flying
A: sickness immunity, fire resistance 2, cold vulnerability 1, float, innate
caster, HP casting, extra vitality 1
a: no special abilities


You were on level 1 of the Dungeon.
You visited 1 branch of the dungeon, and saw 1 of its levels.

You collected 4 gold pieces.

Inventory:

Hand Weapons
 a - a +0 dagger (weapon)
Armour
 b - a +0 robe (worn)
 c - a +0 hat (worn)
Jewellery
 d - a +6 ring of dexterity (left hand)


   Skills:
 + Level 2.3 Dodging
 + Level 1.7 Stealth
 * Level 2.5 Spellcasting


You couldn't memorise any spells.
You knew the following spells:

 Your Spells              Type           Power      Damage    Failure   Level
a - Magic Dart            Conj           36%        1d4       8%          1
b - Blink                 Tloc           18%        N/A       11%         2
c - Call Imp              Summ           9%         N/A       11%         2
d - Slow                  Hex            36%        N/A       8%          1
e - Conjure Flame         Conj/Fire      9%         6-21      22%         3
f - Mephitic Cloud        Conj/Pois/Air  9%         N/A       22%         3
Your spell library was empty.

Dungeon Overview and Level Annotations

Branches:
Dungeon (1/15)

Altars:


Innate Abilities, Weirdness & Mutations

You are immune to sickness and miasma.
You are immune to poison.
Your flesh is very heat resistant. (rF++)
You are vulnerable to cold. (rC-)
You float through the air rather than walking.
You learn spells naturally, not from books.
Your magical power is your life essence.
You have superior vitality. (+4 MHP)


Message History

A jackal is nearby!
The magic dart hits the jackal.
The jackal is heavily wounded.
The jackal barks!
A jackal comes into view.
The magic dart hits the jackal.
The jackal is severely wounded.
A jackal comes into view.
The magic dart hits the jackal.
You kill the jackal!
The jackal barks!
You miscast Magic Dart.
You are very lightly contaminated with residual magic.
Nothing appears to happen.
The magic dart hits the jackal but does no damage.
A ball python comes into view.
The magic dart hits the jackal.
The jackal is heavily wounded.
The ball python hisses angrily.
The jackal bites you but does no damage.
The magic dart hits the jackal.
The jackal is severely wounded.
The jackal bites you. x2
* * * LOW HITPOINT WARNING * * *
The jackal closely misses you. The jackal misses you.
The jackal attacks as you move away!
The jackal bites you but does no damage.
Casting: Magic Dart (safe; 8% risk of failure)
Confirm with . or Enter, or press ? or * to list all spells.
You don't know that spell.
Casting: Magic Dart (safe; 8% risk of failure)
Confirm with . or Enter, or press ? or * to list all spells.
Okay, then.
The jackal attacks as you move away! The jackal bites you.
* * * LOW HITPOINT WARNING * * *
The jackal barely misses you.
Your magical contamination has completely faded away.
You aren't carrying any potions.
The jackal attacks as you move away! The jackal bites you.
You die...

### # ... #. ###
.####.####################..
.......Sh.h@................
.........#################..
.......$.# #######..
.........# .........
#.>.....†. #######..
#>...(...## #.. #........#
#.. #..[.....# #..
#........# #..


You could see 2 jackals and a ball python.

Vanquished Creatures
  2 hobgoblins (D:1)
  A jackal (D:1)
  A frilled lizard (D:1)
  A rat (D:1)
5 creatures vanquished.

Notes
Turn   | Place    | Note
-------+----------+-------------------------------------------
     0 | D:1      | om the Djinni Hedge Wizard began the quest for the Orb.
     0 | D:1      | om set off with the following spells memorised: Magic Dart,
                  | Blink, Call Imp, Slow, Conjure Flame, Mephitic Cloud.
     0 | D:1      | Reached XP level 1. HP: 15/15 MP: 0/0
   214 | D:1      | Slain by a jackal

Illustrated notes

Levels and vault maps discovered:
D:1:      saegor_arrival_simple_b, layout_rooms

Action                   || total
-------------------------++-------
 Cast: Magic Dart        ||    13
Armor: Robe              ||     2
Dodge: Dodged            ||     3
